 Dungeon Sprint DCSS version 0.27-a0-216-g1fbed8a51c (webtiles) character file.

Game seed: 7337687103667840879

1417 mhtbhm the Martial Artist (level 8, -7/52 HPs)
             Began as an Octopode Transmuter on Jan 31, 2021.
             Was a Believer of Sif Muna.
             Mangled by a two-headed ogre
             ... wielding a +0 giant club
              (16 damage)
             ... in the Dungeon (Sprint III: "The Ten Rune Challenge").
             The game lasted 00:03:16 (1933 turns).

mhtbhm the Martial Artist (Octopode Transmuter)     Turns: 1933, Time: 00:03:18

Health: -7/52      AC:  3    Str: 12    XL:     8   Next: 71%
Magic:  18/22      EV: 16    Int: 15    God:    Sif Muna [**....]
Gold:   37         SH:  0    Dex: 14    Spells: 8/23 levels left

rFire    . . .     SeeInvis .     - Unarmed
rCold    . . .     Faith    .   (shield currently unavailable)
rNeg     . . .     Spirit   .   (helmet restricted)
rPois    .         Reflect  .   (no amulet)
rElec    .         Harm     .   (no ring)
rCorr    .         Rampage  .   (no ring)
Will     .....     NoTele   +   (no ring)
Stlth    +++++.....             (no ring)
HPRegen  0.17/turn              (no ring)
MPRegen  0.18/turn              (no ring)
                                (no ring)
                                (no ring)

@: blade tentacles (expiring), wereblooded
A: almost no armour, stealthy swim, amphibious, 8 rings, constrict 8, antennae
1, thin metallic scales 1, camouflage 1, agile 1, high mp 1, wild magic 1,
gelatinous body 1
a: End Transformation, Renounce Religion, Channel Magic


You were in the Dungeon.
You worshipped Sif Muna.
Sif Muna was pleased with you.
You had blades for tentacles.
You visited 1 branch You collected 37 gold pieces.

Inventory:

Scrolls
 g - a scroll of blinking
 h - 3 scrolls of immolation {unknown}
 i - 3 scrolls of remove curse
 j - a scroll of enchant weapon {unknown}
Potions
 a - 2 potions of brilliance {unknown}
 b - 2 potions of curing
 d - a potion of haste
 e - 2 potions of magic
 k - a potion of flight {unknown}
Miscellaneous
 f - a phial of floods (inert)


   Skills:
 + Level 3.5 Fighting
 + Level 6.2 Dodging
 + Level 9.5 Stealth
 + Level 11.0 Unarmed Combat
 + Level 8.3 Spellcasting
 + Level 8.2 Transmutations
 + Level 1.0 Ice Magic
 + Level 3.1 Poison Magic
 + Level 0.4 Evocations


You had 8 spell levels left.
You knew the following spells:

 Your Spells              Type           Power        Failure   Level
a - Beastly Appendage     Tmut           80%          16%         1
b - Wereblood             Tmut           40%          17%         2
c - Spider Form           Tmut/Pois      15%          34%         3
d - Ice Form              Ice/Tmut       26%          67%         4
e - Blade Hands           Tmut           20%          56%         5

Your spell library contained the following spells:

 Spells                   Type           Power        Failure   Level
 Animate Skeleton         Necr           16%          58%         1
 Apportation              Tloc           16%          58%         1
 Corona                   Hex            8%           58%         1
 Summon Small Mammal      Summ           32%          58%         1
 Petrify                  Tmut/Erth      24%          73%         4
 Confusing Touch          Hex            8%           83%         3
 Gell's Gravitas          Tloc           4%           83%         3
 Yara's Violent Unravell  Hex/Tmut       12%          92%         5
 Metabolic Englaciation   Hex/Ice        5%           100%        5


Dungeon Overview and Level Annotations

Branches:
Dungeon (1/1)

Altars:
Cheibriados
Dithmenos
Elyvilon
Fedhas
Gozag
Hepliaklqana
Kikubaaqudgha
Makhleb
Nemelex Xobeh
Okawaru
Qazlal
Ru
Sif Muna
Trog
Uskayaw
Vehumet
Wu Jian
Xom
Yredelemnul
Zin
The Shining One
Beogh
Jiyva
Lugonu


Innate Abilities, Weirdness & Mutations

You cannot wear most types of armour.
You are very stealthy in the water. (Stealth+)
You are amphibious.
You can wear up to eight rings at the same time.
You can use your tentacles to constrict eight enemies at once.
Your skin changes colour to match your surroundings (Stealth+).
Your rubbery body absorbs attacks. (AC +1, EV +1)
You have a pair of small antennae on your head.
You are partially covered in thin metallic scales. (AC +2)
You are agile. (Dex +2)
You have an increased reservoir of magic. (+10% MP)
Your spells are a little harder to cast, but a little more powerful.


Message History

The two-headed ogre misses you.
Unknown command.
You slash the two-headed ogre!
You squeeze the two-headed ogre, but do no damage.
The two-headed ogre is severely wounded.
You slice the two-headed ogre!!
You kill the two-headed ogre!
Sif Muna accepts your kill.
You hear a splash. x2
Your Unarmed Combat skill increases to level 11!
Unknown command.
Evoke which item? (* to show all) (? for menu, Esc to quit)
Okay, then.
You slice the two-headed ogre!!
The two-headed ogre is heavily wounded.
You howl as the wereblood boils in your veins!
The two-headed ogre hits you with a +0 giant club!
* * * LOW HITPOINT WARNING * * *
The two-headed ogre hits you with a +0 giant club!
You die...

.#..###'#'###'##
'#..#..........#
#...'.⌠........#
#...#...######'#
....#.⌠.#__#...#+# ##
# ....#)..#__#...#..
.#.#
....#'###__#...##.#..#
....#)..#__#...'##≈#
....#___#__'...#@O≈#
▓▓▓▓▓▓▓▓▓▓▓▓▓▓▓▓▓▓▓▓ {
{


You could see a two-headed ogre (waterlogged).

Vanquished Creatures
  A deep elf pyromancer (D)
  A shadow (D)
  A spatial vortex (D)
  A necrophage (D)
  2 two-headed ogres (D)
  A water elemental (D)
  A jelly (D)
  Jessica (D)
  A necromancer (D)
  3 humans (D)
  A kobold demonologist (D)
  2 oozes (D)
  A phantom (D)
  A rat (D)
18 creatures vanquished.

Vanquished Creatures (others)
  A wizard (D)
1 creature vanquished.

Grand Total: 19 creatures vanquished

Notes
Turn   | Place    | Note
-------+----------+-------------------------------------------
     0 | D        | mhtbhm the Octopode Transmuter began the quest for the Orb.
     0 | D        | Reached XP level 1. HP: 13/13 MP: 3/3
    11 | D        | Reached skill level 4 in Unarmed Combat
    18 | D        | Reached XP level 2. HP: 2/18 MP: 3/5
   211 | D        | Learned a level 2 spell: Wereblood
   313 | D        | Noticed Jessica
   322 | D        | Killed Jessica
   323 | D        | Reached skill level 1 in Stealth
   323 | D        | Reached skill level 5 in Unarmed Combat
   323 | D        | Reached XP level 3. HP: 21/23 MP: 5/7
   353 | D        | Learned a level 3 spell: Spider Form
   776 | D        | Reached skill level 6 in Unarmed Combat
   782 | D        | Reached XP level 4. HP: 14/28 MP: 6/9
   923 | D        | Gained mutation: Your magical capacity is low. (-10% MP)
                  | [potion of mutation]
   923 | D        | Gained mutation: Your spells are a little harder to cast,
                  | but a little more powerful. [potion of mutation]
   923 | D        | Gained mutation: You are robust. (+10% HP) [potion of
                  | mutation]
   926 | D        | Lost mutation: Your magical capacity is low. (-10% MP)
                  | [potion of mutation]
   926 | D        | Lost mutation: Your spells are a little harder to cast, but
                  | a little more powerful. [potion of mutation]
   926 | D        | Gained mutation: Scrolls take you a little longer to read.
                  | [potion of mutation]
   926 | D        | Gained mutation: You are partially covered in icy blue
                  | scales. (AC +2) [potion of mutation]
   926 | D        | Gained mutation: One of your tentacles bears a spike.
                  | [potion of mutation]
   927 | D        | Lost mutation: You are robust. (+10% HP) [potion of
                  | mutation]
   927 | D        | Lost mutation: One of your tentacles bears a spike. [potion
                  | of mutation]
   927 | D        | Gained mutation: Your magical capacity is low. (-10% MP)
                  | [potion of mutation]
   927 | D        | Gained mutation: You are strong-willed. (Will+) [potion of
                  | mutation]
   928 | D        | Lost mutation: Your magical capacity is low. (-10% MP)
                  | [potion of mutation]
   928 | D        | Lost mutation: Scrolls take you a little longer to read.
                  | [potion of mutation]
   928 | D        | Lost mutation: You are strong-willed. (Will+) [potion of
                  | mutation]
   928 | D        | Gained mutation: Your body sometimes deteriorates upon
                  | taking damage. [potion of mutation]
   928 | D        | Gained mutation: You have an increased reservoir of magic.
                  | (+10% MP) [potion of mutation]
   928 | D        | Gained mutation: You are robust. (+10% HP) [potion of
                  | mutation]
   929 | D        | Lost mutation: Your body sometimes deteriorates upon taking
                  | damage. [potion of mutation]
   929 | D        | Lost mutation: You are partially covered in icy blue
                  | scales. (AC +2) [potion of mutation]
   929 | D        | Lost mutation: You are robust. (+10% HP) [potion of
                  | mutation]
   929 | D        | Gained mutation: You are agile. (Dex +2) [potion of
                  | mutation]
   929 | D        | Gained mutation: Your spells are a little harder to cast,
                  | but a little more powerful. [potion of mutation]
   929 | D        | Gained mutation: You evolve. [potion of mutation]
   929 | D        | Gained mutation: You are partially covered in thin metallic
                  | scales. (AC +2) [potion of mutation]
   933 | D        | Noticed a water elemental
   941 | D        | Killed a water elemental
   942 | D        | Reached skill level 7 in Unarmed Combat
  1052 | D        | Gained mutation: You have a pair of small antennae on your
                  | head. [evolution]
  1052 | D        | Lost mutation: You evolve. [end of evolution]
  1058 | D        | Learned a level 4 spell: Ice Form
  1123 | D        | Found a radiant altar of Vehumet.
  1123 | D        | Found a shimmering blue altar of Sif Muna.
  1123 | D        | Found an ancient bone altar of Kikubaaqudgha.
  1123 | D        | Noticed a wizard
  1127 | D        | Reached XP level 5. HP: 26/34 MP: 8/12
  1413 | D        | Became a worshipper of Sif Muna the Loreminder
  1523 | D        | Found a basalt altar of Yredelemnul.
  1523 | D        | Found a shadowy altar of Dithmenos.
  1523 | D        | Found a sacrificial altar of Ru.
  1523 | D        | Noticed a necrophage
  1528 | D        | Reached skill level 1 in Poison Magic
  1531 | D        | Killed a necrophage
  1532 | D        | Reached skill level 5 in Stealth
  1532 | D        | Reached skill level 8 in Unarmed Combat
  1532 | D        | Reached skill level 5 in Spellcasting
  1532 | D        | Reached XP level 6. HP: 38/40 MP: 9/15
  1555 | D        | Learned a level 5 spell: Blade Hands
  1559 | D        | Found a glowing silver altar of Zin.
  1559 | D        | Found a glowing golden altar of the Shining One.
  1559 | D        | Found a white marble altar of Elyvilon.
  1559 | D        | Noticed a deep elf pyromancer
  1566 | D        | Killed a deep elf pyromancer
  1566 | D        | Reached * piety under Sif Muna
  1567 | D        | Reached skill level 5 in Dodging
  1567 | D        | Reached skill level 9 in Unarmed Combat
  1567 | D        | Reached XP level 7. HP: 46/46 MP: 8/18
  1602 | D        | Found a hide-covered altar of Uskayaw.
  1602 | D        | Found a roughly hewn altar of Beogh.
  1602 | D        | Found an iron altar of Okawaru.
  1602 | D        | Found a bloodstained altar of Trog.
  1602 | D        | Found an ornate altar of the Wu Jian Council.
  1602 | D        | Noticed a human
  1602 | D        | Noticed a human
  1607 | D        | Killed a human
  1608 | D        | Reached skill level 10 in Unarmed Combat
  1611 | D        | Killed a human
  1612 | D        | Reached XP level 8. HP: 43/52 MP: 6/21
  1657 | D        | Noticed a shadow
  1665 | D        | Reached ** piety under Sif Muna
  1666 | D        | Killed a shadow
  1667 | D        | Reached skill level 1 in Ice Magic
  1844 | D        | Found a blossoming altar of Fedhas.
  1844 | D        | Found a stormy altar of Qazlal.
  1844 | D        | Found a snail-covered altar of Cheibriados.
  1844 | D        | Found a burning altar of Makhleb.
  1844 | D        | Found a shimmering altar of Xom.
  1845 | D        | Found a hazy altar of Hepliaklqana.
  1845 | D        | Found an opulent altar of Gozag.
  1845 | D        | Found a sparkling altar of Nemelex Xobeh.
  1845 | D        | Found a corrupted altar of Lugonu.
  1845 | D        | Found a viscous altar of Jiyva.
  1932 | D        | Reached skill level 11 in Unarmed Combat
  1933 | D        | Mangled by a two-headed ogre

Illustrated notes

Levels and vault maps discovered:
D:        dungeon_sprint_mu [sprint_mu_entry_cave, sprint_mu_temple_rooms,
          sprint_mu_d1_spiders, sprint_mu_d2_genie, sprint_mu_d3_branching,
          sprint_mu_orc_legion, sprint_mu_elf_gauntlet, sprint_mu_hive_nellie,
          sprint_mu_lair_fedhas, sprint_mu_vaults_butterflies,
          sprint_mu_slime_circle, sprint_mu_swamp_cave, sprint_mu_snake_twists,
          sprint_mu_blade_basic, sprint_mu_crypt_lich, sprint_mu_tomb_spiral,
          sprint_mu_vestibule_basic, sprint_mu_gehenna_hellfire,
          sprint_mu_dis_giant, sprint_mu_tartarus_statrot,
          sprint_mu_cocytus_islands, sprint_mu_zot1]

Skill      XL: |  1  2  3  4  5  6  7  8 |
---------------+-------------------------+-----
Unarmed Combat | 4 5 6 7 8 9 10 11 | 11.0
Dodging        | 3 4 5 6 |  6.2
Stealth        | 1 3 5 7 8 9 |  9.5
Spellcasting   | 3 4 5 6 7 8 |  8.3
Transmutations | 3 4 6 7 8 |  8.2
Poison Magic   | 1 2 3 |  3.1
Fighting       | 2 3 |  3.5
Ice Magic      | 1 |  1.0
Evocations     | |  0.4

Action                   |  1- 3 |  4- 6 |  7- 9 || total
-------------------------+-------+-------+-------++-------
Melee: Unarmed           |    22 |    20 |    24 ||    66
       Kick              |     2 |     6 |       ||     8
       Constrict         |     1 |     2 |     1 ||     4
       Tentacles         |     1 |     2 |     5 ||     8
       Punch             |       |       |     2 ||     2
 Cast: Beastly Appendage |     2 |     2 |       ||     4
       Spider Form       |     1 |     1 |       ||     2
       Wereblood         |       |     3 |     3 ||     6
       Ice Form          |       |     1 |       ||     1
       Blade Hands       |       |       |     4 ||     4
Evoke: Phial of floods   |       |       |     1 ||     1
  Use: Potion            |       |     6 |     1 ||     7
 Stab: Sleeping          |     2 |     3 |     2 ||     7
Armor: Skin              |       |     1 |       ||     1
Dodge: Dodged            |     8 |     9 |    12 ||    29

Table legend: (Time is in decaauts)
 A = Elapsed time spent in this place.
 B = Non-inter-level travel time spent in this place.
 C = Inter-level travel time spent in this place.
 D = Time resting spent in this place.
 E = Time spent auto-exploring this place.
 F = Levels seen in this place.
 G = Mean time per level.
                   A        B        C        D        E       F      G
               +--------+--------+--------+--------+--------+-----+--------+
         Total |   1931 |   1931 |      0 |   1546 |    104 |   1 | 1931.0 |
       Dungeon |   1931 |   1931 |      0 |   1546 |    104 |   1 | 1931.0 |
               +--------+--------+--------+--------+--------+-----+--------+

Top non-repeatable levels by time:
       D: 1931 daAuts
